 Dungeon Crawl Stone Soup version 0.27-a0-362-g8331d79 (webtiles) character file.

Game seed: 15624531850286261030

4195 MrTaco21 the Basher (level 10, -10/56 HPs)
             Began as a Gargoyle Fighter on Feb 16, 2021.
             Was a Follower of Okawaru.
             Killed by divine providence
             ... invoked by an orc priest
              (16 damage)
             ... on level 8 of the Dungeon.
             The game lasted 00:19:29 (12043 turns).

MrTaco21 the Basher (Gargoyle Fighter)             Turns: 12043, Time: 00:19:29

Health: -10/56     AC: 16    Str: 22    XL:     10   Next: 29%
Magic:  10/10      EV: 10    Int: 10    God:    Okawaru [*.....]
Gold:   353        SH: 11    Dex:  9    Spells: 9/9 levels left

rFire    . . .     SeeInvis .   x - +4 whip
rCold    . . .     Faith    .   c - +0 kite shield
rNeg     + . .     Spirit   .   j - +0 chain mail
rPois    ∞         Reflect  .   (no helmet)
rElec    +         Harm     .   (no cloak)
rCorr    .         Rampage  .   (no gloves)
Will     .....                  (no boots)
Stlth    ..........             e - amulet of magic regeneration
HPRegen  0.18/turn              g - +4 ring of evasion
MPRegen  0.37/turn              (no ring)

@: no status effects
A: negative energy resistance 1, electricity resistance, unbreathing,
petrification resistance, miasma immunity, AC +7
a: Renounce Religion, Heroism


You were on level 8 of the Dungeon.
You worshipped Okawaru.
Okawaru was aware of your devotion.
You visited 2 branches of the dungeon, and saw 9 of its levels.
You also visited: Sewer.

You collected 353 gold pieces.

Inventory:

Hand Weapons
 x - a +4 whip (weapon)
   (You took it off an orc on level 5 of the Dungeon)
Missiles
 m - 20 poisoned darts (quivered)
Armour
 c - a +0 kite shield (worn)
 j - a +0 chain mail (worn)
   (You found it on level 2 of the Dungeon)
Jewellery
 e - an amulet of magic regeneration (around neck)
   (You found it on level 4 of the Dungeon)
 g - a +4 ring of evasion (left hand)
   (You found it on level 5 of the Dungeon)
Wands
 t - a wand of flame (15)
   (You found it on level 6 of the Dungeon)
Scrolls
 a - a scroll of magic mapping {unknown}
 f - 4 scrolls of teleportation {@r4}
 k - 2 scrolls of immolation {!r}
 l - a scroll of summoning {unknown}
 o - 3 scrolls of vulnerability {unknown}
 q - a scroll of identify {@r1}
Potions
 b - 3 potions of curing {@q1}
 d - 4 potions of might
 h - a potion of cancellation {unknown}
 i - 3 potions of heal wounds {unknown}
 n - a potion of brilliance
 p - a potion of resistance
 s - a potion of degeneration {!q}
 z - a potion of flight


   Skills:
 - Level 3.2 Fighting
 - Level 12.0 Maces & Flails
 - Level 3.2 Armour
 + Level 9.7 Shields


You had 9 spell levels left.
You didn't know any spells.
Your spell library contained the following spells:

 Spells                   Type           Power        Failure   Level
 Corona                   Hex            0%           100%        1
 Ensorcelled Hibernation  Hex/Ice        0%           100%        2
 Confusing Touch          Hex            0%           100%        3
 Dazzling Flash           Conj/Hex       0%           100%        3
 Tukima's Dance           Hex            0%           100%        3


Dungeon Overview and Level Annotations

Branches:
Dungeon (8/15)             Temple (1/1) D:6           Sewer (visited)
   Lair: D:8-11

Altars:
Ashenzari
Cheibriados
Dithmenos
Elyvilon
Fedhas
Gozag
Hepliaklqana
Kikubaaqudgha
Makhleb
Nemelex Xobeh
Okawaru
Qazlal
Ru
Sif Muna
Uskayaw
Vehumet
Wu Jian
Xom
Yredelemnul
Zin
The Shining One

Shops:
D:8 (


Innate Abilities, Weirdness & Mutations

You are resistant to torment.
Your stone body is resilient. (AC +7)
You are immune to poison.
You resist negative energy. (rN+)
You are resistant to electric shocks. (rElec)
You can survive without breathing.
You are immune to petrification.
You are immune to miasma.


Message History

The giant cockroach waves its antennae.
The killer bee stings you but does no damage.
You block the killer bee's attack. x2
The killer bee stings you but does no damage.
You block the killer bee's attack.
An orc wizard appears from thin air!
Reactivating autopickup.
You block the killer bee's attack. The killer bee closely misses you.
You block the killer bee's attack.
The killer bee stings you but does no damage.
The orc wizard gestures at itself while chanting.
The orc wizard flickers and vanishes!
Deactivating autopickup; reactivate with Ctrl-A.
You block the killer bee's attack. x2; The killer bee closely misses you.
The killer bee stings you.
* * * LOW HITPOINT WARNING * * *
You block the killer bee's attack. The killer bee misses you.
The killer bee closely misses you.
The killer bee stings you but does no damage.
You block the killer bee's attack.
The orc priest invokes the aid of Beogh against you.
Beogh smites you!
* * * LOW HITPOINT WARNING * * *
You block the killer bee's attack.
The killer bee stings you but does no damage. x2
The killer bee barely misses you. The killer bee stings you.
* * * LOW HITPOINT WARNING * * *
The killer bee stings you.
* * * LOW HITPOINT WARNING * * *
The killer bee stings you but does no damage.
The killer bee stings you but does no damage.
The killer bee barely misses you. You block the killer bee's attack.
The killer bee misses you. You block the killer bee's attack.
The killer bee stings you but does no damage.
The killer bee stings you.
* * * LOW HITPOINT WARNING * * *
The killer bee stings you but does no damage.
You block the killer bee's attack.
Unknown command.
Unknown command.
You feel better. The killer bee stings you.
* * * LOW HITPOINT WARNING * * *
The killer bee barely misses you.
The killer bee stings you but does no damage. x2
The killer bee barely misses you. You block the killer bee's attack.
The orc priest calls down the wrath of Beogh upon you.
Beogh smites you!
You die...

#...........................
........[...................
..(.........................
#...........................
#...........................
#...........................
#...........................
...............y............
.........o.o..Wy@...........
.##........{..Byy...........
...........................>
.##.........................
.##...∩.....................
.##................(........
.##..................)......
.##........................?
.##.........................


You could see an orc warrior, a phantom, 4 killer bees, an orc priest and a
giant cockroach.

Vanquished Creatures
  Pikel (D:3)
  A hornet (D:7)
  Grinder (D:3)
  A water moccasin (D:6)
  4 ice beasts
  6 ogres
  An orc warrior (D:6)
  A centaur (D:7)
  4 phantoms
  A kobold brigand (Sewer)
  4 bullfrogs
  Blork the orc (D:6)
  A scorpion (D:7)
  4 wights
  3 howler monkeys (D:7)
  A bullfrog zombie (D:5)
  3 jellies
  2 hounds
  6 orc priests
  2 centaur skeletons
  Terence (D:3)
  2 iguanas (D:4)
  7 orc wizards
  4 worker ants
  A killer bee zombie (D:7)
  10 gnolls
  A howler monkey skeleton (D:5)
  2 river rats
  8 adders
  A white imp (D:5)
  2 oozes
  An adder zombie (D:7)
  5 worms
  An adder skeleton (D:5)
  A dart slug (D:2)
  3 leopard geckos
  33 orcs
  21 giant cockroaches
  10 goblins
  5 hobgoblins
  12 jackals
  6 quokkas
  A ball python (D:5)
  13 bats
  5 frilled lizards
  16 kobolds
  9 rats
229 creatures vanquished.

Notes
Turn   | Place    | Note
-------+----------+-------------------------------------------
     0 | D:1      | MrTaco21 the Gargoyle Fighter began the quest for the Orb.
     0 | D:1      | Reached XP level 1. HP: 14/14 MP: 1/1
    71 | D:1      | Reached XP level 2. HP: 17/19 MP: 2/2
   248 | D:1      | Reached skill level 3 in Maces & Flails
   728 | D:2      | Reached XP level 3. HP: 19/23 MP: 3/3
   828 | D:2      | Found a shimmering blue altar of Sif Muna.
  1151 | D:2      | Reached skill level 4 in Maces & Flails
  1208 | D:2      | Reached XP level 4. HP: 27/28 MP: 4/4
  1523 | D:3      | Reached skill level 5 in Maces & Flails
  1531 | D:3      | Reached XP level 5. HP: 8/32 MP: 5/5
  2171 | D:3      | Found a glowing silver altar of Zin.
  2207 | D:3      | Noticed Grinder
  2290 | D:3      | Paralysed by Grinder for 2 turns
  2293 | D:3      | Killed Grinder
  2294 | D:3      | Reached skill level 7 in Maces & Flails
  2294 | D:3      | Reached XP level 6. HP: 6/37 MP: 6/6
  2604 | D:3      | Found a white marble altar of Elyvilon.
  2604 | D:3      | Found a sparkling altar of Nemelex Xobeh.
  2604 | D:3      | Found an ornate altar of the Wu Jian Council.
  2608 | D:3      | Found a sacrificial altar of Ru.
  2608 | D:3      | Found a hazy altar of Hepliaklqana.
  2609 | D:3      | Found a blossoming altar of Fedhas.
  2611 | D:3      | Noticed Terence
  2647 | D:3      | Killed Terence
  2648 | D:3      | Reached XP level 7. HP: 26/41 MP: 7/7
  3356 | D:4      | Noticed Pikel
  3448 | D:4      | Found a shimmering blue altar of Sif Muna.
  3828 | D:4      | Reached skill level 8 in Maces & Flails
  3926 | D:4      | HP: 2/41 [ogre/+0 giant spiked club (23)]
  4808 | D:3      | Killed Pikel
  4809 | D:3      | Reached skill level 9 in Maces & Flails
  4809 | D:3      | Reached XP level 8. HP: 46/46 MP: 8/8
  4977 | D:5      | Entered Level 5 of the Dungeon
  5322 | D:5      | Reached skill level 10 in Maces & Flails
  6175 | D:5      | Got a transparent dagger
  6444 | D:5      | Reached skill level 11 in Maces & Flails
  6713 | D:5      | Identified the +1 dagger of Jiekleb {vorpal, *Slow rC++
                  | Str+6} (You found it on level 5 of the Dungeon)
  6874 | D:5      | Reached XP level 9. HP: 51/51 MP: 9/9
  8127 | D:6      | Found a glowing drain.
  8268 | Sewer    | Entered a sewer
  8440 | Sewer    | Found a glowing silver altar of Zin.
  8975 | D:6      | Reached skill level 12 in Maces & Flails
  9515 | D:6      | Found a staircase to the Ecumenical Temple.
  9530 | D:6      | Reached skill level 5 in Shields
  9572 | Temple   | Entered the Ecumenical Temple
  9696 | Temple   | Became a worshipper of Warmaster Okawaru
 10318 | D:6      | Noticed Blork the orc
 10407 | D:6      | Killed Blork the orc
 10857 | D:7      | Reached XP level 10. HP: 56/56 MP: 10/10
 10871 | D:7      | Reached * piety under Okawaru
 11929 | D:8      | Found Ekeijass's Weapon Boutique.
 12042 | D:8      | HP: 1/56 [killer bee (3)]
 12043 | D:8      | Killed from afar by an orc priest

Illustrated notes

Levels and vault maps discovered:
D:1:      elethiomel_arrival_infinity_welcomes_careful_drivers, layout_rooms,
          kennysheep_nondescript
D:2:      minmay_roachtagon, layout_rooms, lemuel_blue_sif_altar
D:3:      layout_basic, nicolae_overflow_crystal_walls,
          grunt_temple_overflow_open, serial_rivers,
          chequers_serial_rivers_micro_d, chequers_serial_rivers_marsh,
          chequers_serial_rivers_small_b, chequers_serial_rivers_micro_c,
          uniq_grinder, uniq_terence
D:4:      minmay_chambers_of_fours, layout_rooms, lemuel_round_altar,
          abandoned_shop, uniq_pikel
D:5:      layout_basic
D:6:      layout_gridville, minmay_temple_entry_poolview,
          cheibrodos_sewer_entry_sluice, lightli_orcish_oven, uniq_blork_the_orc
D:7:      layout_loops_ring
D:8:      layout_basic, serial_shops, nicolae_shop_crystal, shop, shop
Temple:   dshaligram_water_room_temple

Skill      XL: |  1  2  3  4  5  6  7  8  9 10 |
---------------+-------------------------------+-----
Maces & Flails | 3 4 5 7 9 11 12 | 12.0
Shields        | 8 9 |  9.7
Fighting       | |  3.2
Armour         | |  3.2

Action                   |  1- 3 |  4- 6 |  7- 9 | 10-12 || total
-------------------------+-------+-------+-------+-------++-------
Melee: Flail             |    25 |       |       |       ||    25
       Whip              |   139 |   197 |   848 |   168 ||  1352
Throw: Dart              |       |       |    10 |     3 ||    13
  Use: Scroll            |       |       |    14 |       ||    14
       Potion            |       |       |     4 |     1 ||     5
Armor: Scale mail        |   108 |    17 |       |       ||   125
       Chain mail        |       |   102 |   419 |    64 ||   585
Dodge: Dodged            |    63 |    50 |   188 |    49 ||   350
Block: Kite shield       |   105 |   105 |   369 |    88 ||   667

Table legend: (Time is in decaauts)
 A = Elapsed time spent in this place.
 B = Non-inter-level travel time spent in this place.
 C = Inter-level travel time spent in this place.
 D = Time resting spent in this place.
 E = Time spent auto-exploring this place.
 F = Levels seen in this place.
 G = Mean time per level.
                   A        B        C        D        E       F      G
               +--------+--------+--------+--------+--------+-----+--------+
         Total |  11926 |  11377 |    549 |   3770 |   5029 |  10 | 1192.6 |
       Dungeon |  11160 |  10619 |    541 |   3430 |   4783 |   8 | 1395.0 |
        Temple |    133 |    125 |      8 |      0 |    109 |   1 |  133.0 |
         Sewer |    632 |    632 |      0 |    340 |    137 |   1 |  632.0 |
               +--------+--------+--------+--------+--------+-----+--------+

Top non-repeatable levels by time:
     D:5: 2869 daAuts
     D:3: 2254 daAuts
     D:4: 1705 daAuts
     D:6: 1656 daAuts
     D:7: 999 daAuts
     D:2: 745 daAuts
     D:1: 728 daAuts
   Sewer: 632 daAuts
     D:8: 202 daAuts
  Temple: 133 daAuts
